 Dungeon Crawl Stone Soup version 0.30.1-11-g7821555f0a (webtiles) character file.

Game seed: 15932671282816344278

64 Martska the Trooper (level 4, -1/48 HPs)
             Began as an Ogre Gladiator on Dec 8, 2023.
             Slain by an orc
             ... wielding a +0 hand axe
              (4 damage)
             ... on level 3 of the Dungeon.
             The game lasted 00:01:44 (1600 turns).

Martska the Trooper (Ogre Gladiator)                Turns: 1600, Time: 00:01:44

Health: -1/48      AC:  4    Str: 20    XL:     4   Next: 12%
Magic:  4/4        EV: 10    Int:  9    God:
Gold:   61         SH:  0    Dex: 10    Spells: 3/3 levels left

rFire   . . .        a - +0 flail
rCold   . . .        (no shield)
rNeg    . . .        b - +0 robe
rPois   .            i - +1 hat
rElec   .            q - scarf {repulsion}
rCorr   .            (gloves unavailable)
SInv    .            (boots unavailable)
Will    .....        (no amulet)
Stlth   +            (no ring)
HPRegen 0.28/turn    (no ring)
MPRegen 0.09/turn

%: repel missiles
@: mighty
A: large, unfitting armour, tough skin 1
a: no special abilities


You were on level 3 of the Dungeon.
You visited 1 branch of the dungeon, and saw 3 of its levels.

You collected 61 gold pieces.

Inventory:

Hand Weapons
 a - a +0 flail (weapon)
Missiles
 d - 3 throwing nets (quivered)
 e - a large rock
Armour
 b - a +0 robe (worn)
 c - a +0 hat
 i - a +1 hat (worn)
 q - a scarf of repulsion (worn)
Jewellery
 w - a ring of poison resistance
Scrolls
 f - 2 scrolls of fear {unknown}
 h - 2 scrolls of enchant armour {unknown}
 l - a scroll of teleportation {unknown}
 m - a scroll of fog {unknown}
 n - a scroll of brand weapon {unknown}
 o - 2 scrolls of summoning {unknown}
 p - a scroll of poison {unknown}
 r - a scroll of identify {unknown}
Potions
 g - 2 potions of brilliance {unknown}
 j - a potion of might
 k - a potion of heal wounds {unknown}
 s - a potion of ambrosia {unknown}
 t - 2 potions of curing {unknown}
 u - a potion of berserk rage {unknown}
 v - a potion of haste {unknown}


   Skills:
 * Level 4.1 Fighting
 * Level 3.5 Maces & Flails
 - Level 2.0 Throwing
 + Level 3.1 Dodging


You had 3 spell levels left.
You didn't know any spells.
Your spell library contained the following spells:

 Spells                   Type           Power      Damage    Failure   Level
 Freeze                   Ice            0%         1d3       38%         1
 Frozen Ramparts          Ice            0%         1d1       77%         3
 Gell's Gravitas          Tloc           0%         N/A       77%         3
 Hailstorm                Conj/Ice       0%         3d3       77%         3
 Teleport Other           Tloc           0%         N/A       77%         3
 Dispersal                Tloc           0%         N/A       100%        6


Dungeon Overview and Level Annotations

Branches:
Dungeon (3/15)

Altars:


Innate Abilities, Weirdness & Mutations

You are too large for most types of armour.
You have tough skin. (AC +1)


Message History

The orc attacks as you move away! The orc hits you but does no damage.
The orc attacks as you move away! The orc hits you but does no damage.
The orc attacks as you move away! The orc hits you with a +0 whip.
You see here a rat corpse.
The orc attacks as you move away! The orc closely misses you.
The orc attacks as you move away! The orc hits you with a +0 whip.
The orc attacks as you move away! The orc barely misses you.
The orc attacks as you move away! The orc hits you but does no damage.
The orc attacks as you move away! The orc hits you with a +0 whip.
The orc attacks as you move away! The orc barely misses you.
You hit the orc.
The orc is moderately wounded.
The orc closely misses you.
You thump the orc!
You kill the orc!
You hit the orc.
The orc is moderately wounded.
The orc closely misses you.
You closely miss the orc.
The orc is moderately wounded.
The orc hits you with a +0 dagger.
You barely miss the orc.
The orc is moderately wounded.
The orc misses you.
You closely miss the orc. The orc hits you with a +0 hand axe.
* * * LOW HITPOINT WARNING * * *
You hit the orc but do no damage. The orc hits you with a +0 hand axe.
* * * LOW HITPOINT WARNING * * *
You closely miss the orc. The orc hits you with a +0 hand axe.
* * * LOW HITPOINT WARNING * * *
You hit the orc.
The orc is heavily wounded.
The orc hits you with a +0 hand axe.
* * * LOW HITPOINT WARNING * * *
The orc hits you with a +0 hand axe.
* * * LOW HITPOINT WARNING * * *
It was a potion of might.
You feel very mighty all of a sudden. The orc hits you with a +0 hand axe.
You die...

#...............
#....o.†.......#
#..............#
#o##.#+#########
###.##.#
#...##.#
#o####.# #o# #.#
#@# #.. #†# ##
#.# #.# #.# #.#
#.# #.#
###########.#


You could see 2 orcs.

Vanquished Creatures
  An adder (D:3)
  3 orcs (D:3)
  5 endoplasms
  4 giant cockroaches
  6 goblins (D:1)
  2 hobgoblins (D:2)
  4 jackals (D:1)
  6 kobolds
  5 ball pythons
  3 bats
  2 frilled lizards (D:1)
  5 rats
46 creatures vanquished.

Notes
Turn   | Place    | Note
-------+----------+-------------------------------------------
     0 | D:1      | Martska the Ogre Gladiator began the quest for the Orb.
     0 | D:1      | Reached XP level 1. HP: 22/22 MP: 1/1
   102 | D:1      | Reached skill level 3 in Fighting
   103 | D:1      | Reached XP level 2. HP: 27/31 MP: 2/2
   482 | D:1      | Reached XP level 3. HP: 37/37 MP: 3/3
  1551 | D:3      | Reached skill level 4 in Fighting
  1551 | D:3      | Reached XP level 4. HP: 32/48 MP: 4/4
  1600 | D:3      | Slain by an orc

Illustrated notes

Levels and vault maps discovered:
D:1:      wander_arrival_desolate, layout_loops_cross
D:2:      layout_loops_corners
D:3:      layout_basic, minitemple, mrwooster_statue_mirror,
          serial_bayou_pond_b, minmay_door_square, uniq_grinder

Skill      XL: |  1  2  3 |
---------------+----------+-----
Fighting       | 3 4 |  4.1
Maces & Flails | 3 |  3.5
Dodging        | 3 |  3.1
Throwing       | |  2.0

Action                     |  1- 3 |  4- 6 || total
---------------------------+-------+-------++-------
  Melee: Flail             |   102 |    14 ||   116
    Use: Potion            |       |     1 ||     1
   Stab: Sleeping          |     3 |       ||     3
 Armour: Robe              |    36 |     4 ||    40
  Dodge: Dodged            |    49 |    12 ||    61
